 Dungeon Crawl Stone Soup version 0.28-a0-723-g095bd1b44f (webtiles) character file.

Game seed: 13013757484936728284

2993 cheechan the Basher (level 9, -1/75 (76) HPs)
             Began as a Naga Chaos Knight on Oct 25, 2021.
             Was a Plaything of Xom.
             Killed from afar by a gargoyle (14 damage)
             ... with a stone arrow
             ... on level 7 of the Dungeon.
             The game lasted 00:35:16 (7818 turns).

cheechan the Basher (Naga Chaos Knight)             Turns: 7818, Time: 00:35:16

HP:   -1/75 (76)    AC: 15    Str: 30      XL:     9   Next: 83%
MP:   3/3           EV:  9    Int: 16      God:    Xom [.*....]
Gold: 642           SH:  4    Dex:  9 (10) Spells: 8/8 levels left

rFire   . . .      SeeInvis +   y - +10 flail "Iheirr" {antimagic, rC+ rCorr Str+3 Stlth+}
rCold   + + +      Faith    .   e - +0 buckler
rNeg    . . .      Spirit   .   D - +2 scale mail {rC+}
rPois   +          Reflect  .   n - +1 helmet {Int+3}
rElec   +          Harm     .   (no cloak)
rCorr   +          Rampage  .   (no gloves)
Will    ++...                   (no barding)
Stlth   ++........              (no amulet)
HPRegen 0.22/turn               B - ring of Insomnia {rC+ Will+ AC+4 Str+3}
MPRegen 0.08/turn               u - +6 ring of strength

@: studying Maces & Flails, lightly drained, very slow
A: AC +3, large, see invisible, deformed body, poison resistance, slowness 2,
spit poison 1, naga tail 1, claws 1, deterioration 1, frail 1, screaming 1,
electricity resistance
a: Spit Poison, Renounce Religion


You were on level 7 of the Dungeon.
You worshipped Xom.
You were a plaything of Xom.
You visited 2 branches of the dungeon, and saw 8 of its levels.
You also visited: Ossuary.

You collected 642 gold pieces.

Inventory:

Hand Weapons
 a - a +1 hand axe of chaos
 w - a +0 flail of venom
 y - the +10 flail "Iheirr" (weapon) {antimagic, rC+ rCorr Str+3 Stlth+}
   (You found it on level 4 of the Dungeon)

   It reduces the magical energy of the wielder, and disrupts the spells and
   magical abilities of those it strikes.
   Natural abilities and divine invocations are not affected.
   Str:       It affects your strength (+3).
   rC:        It protects you from cold.
   rCorr:     It protects you from acid and corrosion.
   Stlth:     It makes you more stealthy.
 A - a +0 flail of protection
 E - a +0 battleaxe
 J - the +9 whip of the Butterfly {freeze, rN+ Dex+2}
   (You found it on level 6 of the Dungeon)

   It freezes those it strikes, dealing additional cold damage.
   It can also slow down cold-blooded creatures.
   Dex:       It affects your dexterity (+2).
   rN:        It protects you from negative energy.
 M - a +4 war axe
 N - the +4 rapier of Context {elec, rElec rF+ Will+}
   (You took it off a wight on level 7 of the Dungeon)

   It occasionally discharges a powerful burst of electricity upon striking a
   foe.
   rF:        It protects you from fire.
   rElec:     It insulates you from electricity.
   Will:      It increases your willpower.
 O - a +2 mace of draining
Missiles
 c - 55 sling bullets
 g - 190 stones
 i - 32 bolts
 j - 72 arrows
 r - 37 poisoned darts
Armour
 b - a +2 leather armour
 e - a +0 buckler (worn)
 n - a +1 helmet of intelligence (worn)
 D - a +2 scale mail of cold resistance (worn)
Jewellery
 d - a ring of protection from fire
 f - a ring of flight
 u - a +6 ring of strength (right claw)
 B - the ring of Insomnia (left claw) {rC+ Will+ AC+4 Str+3}
   (You acquired it on level 5 of the Dungeon)

   [ring of protection]

   AC:        It affects your AC (+4).
   Str:       It affects your strength (+3).
   rC:        It protects you from cold.
   Will:      It increases your willpower.
 G - a ring of willpower
Wands
 o - a wand of polymorph (15)
 x - a wand of flame (27)
 C - a wand of iceblast (8)
Scrolls
 m - a scroll of identify
 F - 3 scrolls of teleportation
 H - a scroll of fog
 L - a scroll of immolation {unknown}
Potions
 h - 3 potions of lignification
 k - 2 potions of haste
 p - 3 potions of flight
 q - 4 potions of curing
 s - 2 potions of brilliance
 t - 2 potions of magic
 v - a potion of mutation {unknown}
 z - a potion of heal wounds
 I - a potion of ambrosia
 K - 2 potions of invisibility {unknown}
Miscellaneous
 l - a condenser vane


   Skills:
 + Level 6.5 Fighting
 + Level 2.0 Short Blades
 + Level 4.1(7.6) Axes
 + Level 10.0(10.4) Maces & Flails
 + Level 5.3 Armour
 + Level 3.7 Dodging
 + Level 4.1 Stealth
 + Level 2.4 Shields


You had 8 spell levels left.
You didn't know any spells.
Your spell library contained the following spells:

 Spells                   Type           Power      Damage    Failure   Level
 Pain                     Necr           0%         1d4       45%         1
 Corpse Rot               Necr/Air       0%         N/A       58%         2
 Poisonous Vapours        Pois/Air       0%         N/A       58%         2
 Slow                     Hex            0%         N/A       58%         2
 Confusing Touch          Hex            0%         N/A       83%         3
 Vampiric Draining        Necr           0%         2d6       83%         3
 Borgnjor's Revivificati  Necr           0%         N/A       100%        8
 Necromutation            Tmut/Necr      0%         N/A       100%        8
 Death's Door             Necr           0%         N/A       100%        9


Dungeon Overview and Level Annotations

Branches:
Dungeon (7/15)             Temple (1/1) D:5         Ossuary (visited)

Altars:
Ashenzari
Cheibriados
Dithmenos
Elyvilon
Fedhas
Gozag
Hepliaklqana
Kikubaaqudgha
Makhleb
Nemelex Xobeh
Okawaru
Qazlal
Ru
Sif Muna
Trog
Uskayaw
Vehumet
Wu Jian
Xom
Yredelemnul
Zin
The Shining One

Shops:
D:1 [


Innate Abilities, Weirdness & Mutations

Your serpentine skin is tough. (AC +3)
You have supernaturally acute eyesight. (SInv)
Armour fits poorly on your strangely shaped body.
Your system is resistant to poisons. (rPois)
You cover ground very slowly.
You can spit poison.
You have a snake-like lower body.
You have sharp fingernails.
Your body sometimes deteriorates upon taking damage.
You are frail. (-10% HP)
You occasionally shout uncontrollably at your foes.
You are resistant to electric shocks. (rElec)


Message History

The gargoyle hurls a stone arrow at you.
The stone arrow hits you!
Your body deteriorates!
You feel clumsy.
You hit the gargoyle but do no damage.
The gargoyle is lightly damaged.
The gargoyle hits you but does no damage.
You sock the gargoyle!
The gargoyle is moderately damaged.
The gargoyle hurls a stone arrow at you.
The stone arrow hits you!
You barely miss the gargoyle.
The gargoyle is moderately damaged.
The gargoyle hits you with a +0 flail.
You hit the gargoyle.
The gargoyle is heavily damaged.
The gargoyle hurls a stone arrow at you.
You block the stone arrow.
You closely miss the gargoyle.
The gargoyle is heavily damaged.
The gargoyle hurls a stone arrow at you.
The stone arrow hits you!
* * * LOW HITPOINT WARNING * * *
You thump the gargoyle!
The gargoyle is almost destroyed.
The gargoyle hurls a stone arrow at you.
The stone arrow hits you!
* * * LOW HITPOINT WARNING * * *
You feel much better. The gargoyle completely misses you.
You hit the gargoyle.
The gargoyle is almost destroyed.
You barely miss the gargoyle.
The gargoyle is almost destroyed.
The gargoyle hurls a stone arrow at you.
The stone arrow hits you!
* * * LOW HITPOINT WARNING * * *
You hit the gargoyle but do no damage.
The gargoyle is almost destroyed.
The gargoyle hurls a stone arrow at you.
The stone arrow hits you!
You die...

##......#......#.............
........#......#..............
........'......'....######
##......###...##....#
##......###...##....#
##..................#
##..............☼...#
>.............°§○9..#
##......###...##@...#
##......# #...##....#
.#......#...........#
##......#............#
##......#......#.....#
##....#..#.....#####.#
##....########.# ## #......# #
##.....#


You could see a gargoyle.

Vanquished Creatures
  A gargoyle (D:7)
  An acid dragon (D:6)
  Edmund (D:5)
  A water moccasin (D:5)
  Duvessa (D:7)
  2 sky beasts
  An orc warrior (D:6)
  An ice beast (D:7)
  A necrophage (D:6)
  A black bear (D:5)
  3 ogres
  A centaur (D:6)
  A phantom (D:5)
  Dowan (D:7)
  A scorpion (D:6)
  4 wights (D:7)
  A hound (D:6)
  A jelly (D:6)
  An orc priest (D:3)
  3 bullfrog skeletons
  2 iguanas
  12 orc wizards
  Natasha (thrice) (D:4)
  2 killer bee zombies (D:6)
  A hound zombie (D:5)
  A hound skeleton (D:4)
  8 mummies (Ossuary)
  Robin (D:2)
  12 adders
  3 howler monkey skeletons
  A shadow imp (D:7)
  2 white imps
  2 ufetubi
  An adder zombie (D:5)
  An adder skeleton (D:4)
  A worm (D:1)
  17 orcs
  3 bats
  6 endoplasms
  6 giant cockroaches
  3 gnoll zombies (Ossuary)
  16 goblins
  5 hobgoblins
  5 quokkas
  7 ball pythons
  2 frilled lizards (D:1)
  2 hobgoblin zombies (Ossuary)
  6 kobolds
  A kobold zombie (Ossuary)
  2 orc zombies (Ossuary)
  5 rats
  A butterfly (D:5)
168 creatures vanquished.

Vanquished Creatures (others)
  3 fungi (D:3)
3 creatures vanquished.

Grand Total: 171 creatures vanquished

Notes
Turn   | Place    | Note
-------+----------+-------------------------------------------
     0 | D:1      | cheechan the Naga Chaos Knight began the quest for the Orb.
     0 | D:1      | Reached XP level 1. HP: 21/21 MP: 1/1
   174 | D:1      | Reached XP level 2. HP: 28/28 MP: 2/2
   264 | D:1      | XOM: silly message
   547 | D:1      | Found Ateud's Antique Armour Boutique.
   698 | D:1      | Reached XP level 3. HP: 34/34 MP: 3/3
   805 | D:1      | XOM: summons 3 hostile shadow creatures
   969 | D:1      | XOM: give mutations
   969 | D:1      | Gained mutation: Your body sometimes deteriorates upon
                  | taking damage. [Xom's mischief]
   969 | D:1      | Gained mutation: Your magical capacity is low. (-10% MP)
                  | [Xom's mischief]
   969 | D:1      | Gained mutation: You are clumsy. (Dex -2) [Xom's mischief]
  1103 | D:1      | Found a faded altar of an unknown god.
  1159 | D:1      | XOM: give mutation
  1159 | D:1      | Gained mutation: You are resistant to electric shocks.
                  | (rElec) [Xom's grace]
  1286 | D:2      | XOM is BORED!
  1286 | D:2      | XOM: give mutations
  1286 | D:2      | Gained mutation: You occasionally shout uncontrollably at
                  | your foes. [Xom's mischief]
  1286 | D:2      | Gained mutation: You are frail. (-10% HP) [Xom's mischief]
  1286 | D:2      | Gained mutation: You have sharp fingernails. [Xom's
                  | mischief]
  1286 | D:2      | Lost mutation: You are clumsy. (Dex -2) [Xom's mischief]
  1538 | D:2      | XOM: god gift: condenser vane
  1602 | D:2      | Noticed Robin
  1621 | D:2      | Reached skill level 1 in Dodging
  1621 | D:2      | Killed Robin
  1622 | D:2      | Reached XP level 4. HP: 9/39 MP: 3/3
  1629 | D:2      | XOM: potion effect (curing)
  1854 | D:2      | XOM: divination: magic mapping
  2032 | D:2      | Reached XP level 5. HP: 45/45 MP: 4/4
  2365 | D:2      | XOM: divination: magic mapping
  2373 | D:2      | XOM: divination: detect items
  2557 | D:3      | Found a glowing silver altar of Zin.
  3127 | D:3      | XOM: silly message
  3222 | D:4      | Noticed Natasha
  3232 | D:4      | Killed Natasha
  3233 | D:4      | Reached XP level 6. HP: 46/54 MP: 5/5
  3251 | D:4      | Identified a scroll of acquirement
  3283 | D:5      | Entered Level 5 of the Dungeon
  3616 | D:4      | Noticed Natasha
  3631 | D:4      | Killed Natasha
  3699 | D:4      | Noticed Natasha
  3699 | D:4      | XOM: 3-stop teleportation journey
  3704 | D:4      | Killed Natasha
  3705 | D:4      | Reached skill level 5 in Fighting
  3705 | D:4      | Reached skill level 1 in Short Blades
  3819 | D:4      | XOM: 9-stop teleportation journey
  3869 | D:4      | Identified the +10 flail "Iheirr" {antimagic, rC+ rCorr
                  | Str+3 Stlth+}
  3872 | D:4      | Acquired a manual of Maces & Flails
  3966 | D:4      | Found a bloodstained altar of Trog.
  3966 | D:4      | Found an opulent altar of Gozag.
  3967 | D:4      | Found a burning altar of Makhleb.
  4064 | D:4      | Reached skill level 1 in Shields
  4064 | D:4      | Reached XP level 7. HP: 57/60 MP: 2/6
  4070 | D:5      | Noticed Edmund
  4081 | D:5      | Killed Edmund
  4082 | D:5      | Reached skill level 1 in Maces & Flails
  4082 | D:5      | Reached skill level 1 in Stealth
  4109 | D:5      | Acquired the ring of Insomnia {rC+ Will+ AC+4 Str+3}
  4239 | D:5      | Reached skill level 2 in Maces & Flails
  4292 | D:5      | Found a stormy altar of Qazlal.
  4293 | D:5      | XOM: enchant monster (good)
  4294 | D:5      | Found a basalt altar of Yredelemnul.
  4301 | D:5      | Found a sacrificial altar of Ru.
  4302 | D:5      | Found a broken altar of Ashenzari.
  4303 | D:5      | Found a hazy altar of Hepliaklqana.
  4412 | D:5      | Reached skill level 3 in Maces & Flails
  4453 | D:5      | XOM: noise
  4458 | D:5      | Reached XP level 8. HP: 63/67 MP: 2/7
  4493 | D:5      | Found a staircase to the Ecumenical Temple.
  4504 | Temple   | Entered the Ecumenical Temple
  4520 | Temple   | XOM: 1-stop teleportation journey
  5007 | D:5      | XOM: noise
  5042 | D:6      | Found an ancient bone altar of Kikubaaqudgha.
  5049 | D:6      | Reached skill level 4 in Maces & Flails
  5070 | D:6      | Got Kikubaaqudgha's Almanac of Unholy Arts
  5078 | D:6      | Found a shimmering blue altar of Sif Muna.
  5098 | D:6      | Found a radiant altar of Vehumet.
  5196 | D:6      | Reached skill level 5 in Maces & Flails
  5231 | D:6      | XOM: 2-stop teleportation journey
  5301 | D:6      | XOM: cloud trail
  5400 | D:6      | XOM: noise
  5467 | D:6      | Reached skill level 6 in Maces & Flails
  5550 | D:6      | XOM: enchant monster (bad)
  5597 | D:6      | XOM: divination: detect items
  5689 | D:6      | Reached skill level 7 in Maces & Flails
  5702 | D:6      | Reached XP level 9. HP: 54/73 MP: 2/8
  5749 | D:6      | XOM: 5-stop teleportation journey
  6164 | D:6      | XOM: stat loss: -1 Int (15/16)
  6170 | D:6      | Reached skill level 8 in Maces & Flails
  6216 | D:6      | Identified the +9 whip of the Butterfly {freeze, rN+ Dex+2}
  6306 | D:6      | XOM: give mutation
  6306 | D:6      | Lost mutation: Your magical capacity is low. (-10% MP)
                  | [Xom's mischief]
  6307 | D:6      | XOM: scenery: 1 doors open, 3 doors close
  6589 | D:7      | Noticed Dowan
  6590 | D:7      | Noticed Duvessa
  6595 | D:7      | Killed Duvessa
  6598 | D:7      | Killed Dowan
  6672 | D:7      | Found a sand-covered staircase.
  6691 | D:7      | Noticed a gargoyle
  6698 | D:7      | XOM: fog
  6699 | Ossuary  | Entered an ossuary
  6708 | Ossuary  | XOM: god gift: 13 stones
  6741 | Ossuary  | HP: 2/73 [mummy (8)]
  7006 | Ossuary  | XOM: silly message
  7044 | D:7      | Killed a gargoyle
  7045 | D:7      | Reached skill level 9 in Maces & Flails
  7045 | D:7      | Reached skill level 5 in Armour
  7180 | D:7      | Identified the +4 rapier of Context {elec, rElec rF+ Will+}
  7718 | D:7      | Reached skill level 10 in Maces & Flails
  7797 | D:7      | Noticed a gargoyle
  7801 | D:7      | XOM: smoke on damage
  7818 | D:7      | Killed from afar by a gargoyle

Illustrated notes

Levels and vault maps discovered:
D:1:      dpeg_arrival_brainrot, layout_basic, ebering_ecumenical_altar_box,
          serial_shops, nicolae_shop_stone
D:2:      layout_basic, minmay_misc_feat_encased, uniq_robin
D:3:      layout_loops_ring, mainiacjoe_overflow_boulevard, item_on_display_a
D:4:      layout_gridville, gammafunk_temple_overflow_claw, uniq_natasha
D:5:      layout_rooms, minitemple, minmay_temple_entry_butterflies, uniq_edmund
D:6:      minmay_razor_zed, layout_loops_corners, palyth_temple_overflow_mages
D:7:      layout_gridville, enter_ossuary_1, serial_shops, shop,
          chequers_serial_rivers_marsh, uniq_duvessa
Temple:   compressed_dpeg_circular_temple

Skill      XL: |  1  2  3  4  5  6  7  8  9 |
---------------+----------------------------+-----
Armour         | 2 3 4 5 |  5.3
Dodging        | 1 2 3 |  3.7
Fighting       | 4 5 6 |  6.5
Axes           | 4 |  4.1
Short Blades   | 1 2 |  2.0
Shields        | 1 2 |  2.4
Maces & Flails | 3 7 10 | 10.0
Stealth        | 2 3 4 |  4.1

Action                   |  1- 3 |  4- 6 |  7- 9 || total
-------------------------+-------+-------+-------++-------
Melee: Hand axe          |    93 |    11 |       ||   104
       Dagger            |       |   147 |       ||   147
       Flail             |       |     9 |   237 ||   246
 Abil: Spit Poison       |    10 |    17 |    12 ||    39
Evoke: Condenser vane    |     1 |       |       ||     1
  Use: Scroll            |     5 |     7 |     7 ||    19
       Potion            |       |     1 |     2 ||     3
 Stab: Petrifying        |     1 |       |       ||     1
       Confused          |       |     1 |       ||     1
       Petrified         |       |       |     3 ||     3
       Sleeping          |       |       |     2 ||     2
Armor: Leather armour    |    64 |    77 |     5 ||   146
       Skin              |       |    30 |       ||    30
       Scale mail        |       |       |   132 ||   132
Dodge: Dodged            |    53 |    73 |   125 ||   251
Block: Buckler           |    15 |    24 |    61 ||   100

Table legend: (Time is in decaauts)
 A = Elapsed time spent in this place.
 B = Non-inter-level travel time spent in this place.
 C = Inter-level travel time spent in this place.
 D = Time resting spent in this place.
 E = Time spent auto-exploring this place.
 F = Levels seen in this place.
 G = Mean time per level.
                   A        B        C        D        E       F      G
               +--------+--------+--------+--------+--------+-----+--------+
         Total |  10350 |  10350 |      0 |    576 |    203 |   9 | 1150.0 |
       Dungeon |   9635 |   9635 |      0 |    477 |    203 |   7 | 1376.4 |
        Temple |    306 |    306 |      0 |      0 |      0 |   1 |  306.0 |
       Ossuary |    408 |    408 |      0 |     99 |      0 |   1 |  408.0 |
               +--------+--------+--------+--------+--------+-----+--------+

Top non-repeatable levels by time:
     D:6: 2060 daAuts
     D:1: 1770 daAuts
     D:2: 1367 daAuts
     D:4: 1213 daAuts
     D:7: 1178 daAuts
     D:3: 1055 daAuts
     D:5: 988 daAuts
 Ossuary: 408 daAuts
  Temple: 306 daAuts
